 Dungeon Crawl Stone Soup version 0.21.1-1-g345015f (webtiles) character file.

128 empire the Ducker (level 4, -2/44 HPs)
             Began as a Troll Fighter on Apr 13, 2018.
             Slain by an orc
             ... wielding a +0 club
              (5 damage)
             ... on level 3 of the Dungeon.
             The game lasted 00:03:51 (1562 turns).

empire the Ducker (Troll Fighter)                   Turns: 1562, Time: 00:03:52

Health: -2/44      AC:  5    Str: 25    XL:     4   Next: 87%
Magic:  3/3        EV:  8    Int:  4    God:
Gold:   110        SH:  9    Dex:  9    Spells: 3/3 levels left

rFire    . . .     SeeInvis .   a - +0 flail
rCold    . . .     Gourm    +   c - +0 shield
rNeg     . . .     Faith    .   b - +0 robe
rPois    .         Spirit   .   (helmet restricted)
rElec    .         Reflect  .   (no cloak)
rCorr    .         Harm     .   (gloves unavailable)
MR       .....                  (boots unavailable)
Stlth    +.........             (no amulet)
HPRegen  0.54/turn              (no ring)
MPRegen  0.08/turn              (no ring)

@: lethally poisoned (-2 -> -3), hasted, very quick
A: large, unfitting armour, claws 3, fast metabolism 3, gourmand, regeneration
1, shaggy fur 1, tough skin 2
a: no special abilities


You were on level 3 of the Dungeon.
You were very full.

You visited 1 branch of the dungeon, and saw 3 of its levels.

You collected 110 gold pieces.

Inventory:

Hand Weapons
 a - a +0 flail (weapon)
Armour
 b - a +0 robe (worn)
 c - a +0 shield (worn)
Jewellery
 k - a cursed -3 ring of protection {unknown}
Wands
 l - a wand of acid (5)
Scrolls
 e - 4 scrolls of teleportation {unknown}
 h - 2 scrolls of amnesia {unknown}
 i - a scroll of remove curse {unknown}
 j - 3 scrolls of enchant weapon {unknown}
 m - a scroll of enchant armour {unknown}
 o - a scroll of noise {unknown}
 r - a scroll of identify {unknown}
Potions
 d - a potion of might
 n - a potion of curing {unknown}
 q - a potion of magic {unknown}
Comestibles
 f - 6 rations


   Skills:
 - Level 2.8 Fighting
 * Level 3.0 Maces & Flails
 - Level 3.2 Dodging
 + Level 0.1 Stealth
 - Level 3.0 Shields


You had 3 spell levels left.
You didn't know any spells.

Dungeon Overview and Level Annotations

Branches:
Dungeon (3/15)

Altars:


Innate Abilities, Weirdness & Mutations

You are too large for most types of armour.
You have claws for hands.
Your metabolism is lightning-fast.
You like to eat raw meat.
Your natural rate of healing is unusually fast.
You are covered in fur. (AC +1)
You have very tough skin. (AC +2)


Message History

The orc priest is almost dead.
You feel sick. The orc wizard closely misses you.
The ball python bites you but does no damage.
The orc barely misses you.
The orc priest hits you with a dagger of venom.
* * * LOW HITPOINT WARNING * * *
You block the orc's attack. You block the orc wizard's attack.
The ball python barely misses you.
It was a potion of haste.
You feel yourself speed up.
You feel sick. You block the orc wizard's attack.
The orc priest closely misses you. You block the orc's attack.
The ball python bites you but does no damage.
The orc hits you with a flail.
* * * LOW HITPOINT WARNING * * *
You closely miss the orc priest.
The orc priest is almost dead.
The orc wizard closely misses you.
The orc priest begins to cast a cantrip, but forgets the words!
The orc hits you with a club.
You die...

#.#.# .# #.#.# #$# #.#.#
#.####### ###### #.#.#
###........
)....###.#.###..........
........................
####.###.#.###..........
### # #.#.# #...S......
... ..#.# #<.@o......
### ####.# #.ooo...... #
#.# #.......... # #.#
#.......... # ..#
#.......... #
#.......... #
#.......... ...........


You could see an orc priest, an orc wizard, 2 orcs and a ball python.

Vanquished Creatures
  3 gnolls (D:2)
  5 adders (D:2)
  2 worms (D:2)
  A leopard gecko (D:1)
  An orc (D:3)
  2 bats
  4 giant cockroaches
  9 hobgoblins
  2 quokkas (D:2)
  2 frilled lizards
  5 goblins
  8 kobolds
  5 rats
49 creatures vanquished.

Notes
Turn   | Place    | Note
-------+----------+-------------------------------------------
     0 | D:1      | empire the Troll Fighter began the quest for the Orb.
     0 | D:1      | Reached XP level 1. HP: 22/22 MP: 0/0
   256 | D:1      | Reached XP level 2. HP: 28/29 MP: 1/1
   745 | D:2      | Reached XP level 3. HP: 35/36 MP: 2/2
   925 | D:2      | Reached XP level 4. HP: 39/44 MP: 3/3
  1562 | D:3      | Slain by an orc

Skill      XL: |  1  2  3  4 |
---------------+-------------+-----
Maces & Flails | 2 3 |  3.0
Dodging        | 3 |  3.2
Shields        | 3 |  3.0
Fighting       | |  2.8
Stealth        | |  0.1

Action                   |  1- 3 |  4- 6 || total
-------------------------+-------+-------++-------
Melee: Flail             |   137 |    79 ||   216
  Use: Potion            |       |     1 ||     1
  Eat: Chunk             |    10 |    10 ||    20
Armor: Robe              |    36 |    31 ||    67
Dodge: Dodged            |    48 |    34 ||    82
Block: Shield            |    61 |    51 ||   112
